 Dungeon Crawl Stone Soup version 0.28-a0-305-g9e858e973b (webtiles) character file.

Game seed: 2471868104104481489

145 dolemite99 the Chiller (level 5, -1/53 HPs)
             Began as an Ogre Ice Elementalist on Aug 30, 2021.
             Slain by an orc wizard (3 damage)
             ... on level 3 of the Dungeon.
             The game lasted 00:04:34 (3862 turns).

dolemite99 the Chiller (Ogre Ice Elementalist)      Turns: 3862, Time: 00:04:35

Health: -1/53      AC:  3    Str: 13    XL:     5   Next: 27%
Magic:  9/10       EV:  9    Int: 16    God:
Gold:   82         SH:  0    Dex:  9    Spells: 6/10 levels left

rFire   . . .      SeeInvis .   s - +0 flail
rCold   . . .      Faith    .   (no shield)
rNeg    . . .      Spirit   .   a - +0 robe
rPois   .          Reflect  .   (helmet restricted)
rElec   .          Harm     .   (no cloak)
rCorr   .          Rampage  .   (gloves unavailable)
Will    .....                   (boots unavailable)
Stlth   +.........              (no amulet)
HPRegen 0.17/turn               (no ring)
MPRegen 0.12/turn               (no ring)

@: mighty, weak-willed, attractive, hasted, very quick
A: large, unfitting armour, tough skin 1
a: no special abilities


You were on level 3 of the Dungeon.
You visited 1 branch of the dungeon, and saw 3 of its levels.

You collected 82 gold pieces.

Inventory:

Hand Weapons
 b - a +0 dagger
 m - a +0 hunting sling
 r - a +0 flail
 s - a +0 flail (weapon)
Missiles
 d - 22 bolts
 i - 65 stones
 p - 24 arrows
Armour
 a - a +0 robe (worn)
Jewellery
 j - a ring of flight
Scrolls
 e - a scroll of enchant armour {unknown}
 f - a scroll of identify {unknown}
 g - a scroll of noise {unknown}
 k - a scroll of teleportation {unknown}
 o - a scroll of blinking {unknown}
 q - a scroll of silence {unknown}
Potions
 n - a potion of haste


   Skills:
 - Level 3.2 Fighting
 - Level 1.7 Dodging
 - Level 1.4 Stealth
 + Level 3.4 Spellcasting
 + Level 4.8 Ice Magic


You had 6 spell levels left.
You knew the following spells:

 Your Spells              Type           Power      Damage    Failure   Level
a - Freeze                Ice            72%        1d9       2%          1
b - Frozen Ramparts       Ice            36%        1d5       8%          3

Your spell library contained the following spells:

 Spells                   Type           Power      Damage    Failure   Level
 Ozocubu's Armour         Ice            18%        N/A       8%          3
 Hailstorm                Conj/Ice       10%        3d5       54%         4


Dungeon Overview and Level Annotations

Branches:
Dungeon (3/15)

Altars:

Shops:
D:1 [   D:3 =


Innate Abilities, Weirdness & Mutations

You are too large for most types of armour.
You have tough skin. (AC +1)


Message History

The kobold barely misses you.
The kobold throws a stone.
The stone hits you. The orc hits you with a +0 hand axe.
* * * LOW HITPOINT WARNING * * *
It was a potion of haste.
You feel yourself speed up. The orc hits you with a +0 dagger.
* * * LOW HITPOINT WARNING * * *
The orc barely misses you.
As you read the scroll labelled TIG FEUVOQ, it crumbles to dust.
Magic quickly surges around you.
It was a scroll of vulnerability.
The orc closely misses you. The kobold barely misses you.
The orc closely misses you.
You see here a +0 flail.
You see here a +0 spear.
You are confused.
You bump into the rock wall.
A magic dart appears from out of thin air!
The magic dart hits you.
* * * LOW HITPOINT WARNING * * *
You bump into the rock wall.
A magic dart appears from out of thin air!
The magic dart hits you.
* * * LOW HITPOINT WARNING * * *
It was a potion of attraction.
You feel attractive to monsters. Something is attracted toward you.
The orc is attracted toward you.
It was a potion of might.
You feel very mighty all of a sudden. The orc is attracted toward you.
You feel less confused. The orc barely misses you.
The orc is attracted toward you.
An orc wizard appears from thin air!
Reactivating autopickup.
The orc wizard hits you with a +0 dagger.
* * * LOW HITPOINT WARNING * * *
The orc hits you with a +0 mace.
* * * LOW HITPOINT WARNING * * *
The orc is attracted toward you.
The orc wizard hits you with a +0 dagger.
You die...

......................
.............#........#
......................#......
.............................
...>............................
............).............#.#...
#.........................#.#...
#..)...<................#.#.#...
######...)##...@.#####..#.#.....
#######....##.oo.................
...........##.o##...###..........
.....>.....##§..#...##..)#.g.....
...........##)#.#...##...#.#.....
.........####§#.....##...#.#.....
.....[...# #.##.....#...g.#....g
........÷# #§##.#.......###....w
.........####.##.........###.....


You could see an orc wizard (weak-willed) and 2 orcs.

Vanquished Creatures
  An orc wizard (D:3)
  3 gnolls (D:3)
  4 adders
  A dart slug (D:2)
  An orc (D:3)
  7 endoplasms
  7 goblins
  3 hobgoblins (D:2)
  2 quokkas (D:1)
  4 ball pythons
  6 bats
  4 frilled lizards (D:1)
  4 kobolds
  9 rats
56 creatures vanquished.

Notes
Turn   | Place    | Note
-------+----------+-------------------------------------------
     0 | D:1      | dolemite99 the Ogre Ice Elementalist began the quest for
                  | the Orb.
     0 | D:1      | Reached XP level 1. HP: 16/16 MP: 3/3
   426 | D:1      | Reached skill level 1 in Fighting
   612 | D:1      | Reached XP level 2. HP: 27/27 MP: 3/5
   691 | D:1      | You fall into a shaft and drop 1 floor!
   978 | D:1      | Found Kocusixt's Armour Boutique.
  1213 | D:1      | Reached skill level 4 in Ice Magic
  1425 | D:1      | Reached XP level 3. HP: 35/35 MP: 4/6
  2514 | D:2      | Reached XP level 4. HP: 36/45 MP: 3/7
  2964 | D:3      | Learned a level 3 spell: Frozen Ramparts
  3502 | D:3      | Found Olehed's Jewellery Emporium.
  3512 | D:3      | Reached XP level 5. HP: 24/53 MP: 1/9
  3861 | D:3      | HP: 2/53 [orc (3)]
  3862 | D:3      | Slain by an orc wizard

Illustrated notes

Levels and vault maps discovered:
D:1:      amcnicky_arrival_gap_in_the_tavern_cellar, layout_loops_ring,
          serial_shops, shop, minmay_tromino_mix6
D:2:      layout_basic, kennysheep_generic_room_10
D:3:      layout_basic, serial_shops, shop

Skill      XL: |  1  2  3  4 |
---------------+-------------+-----
Fighting       | 1 2 3 |  3.2
Ice Magic      | 4 |  4.8
Spellcasting   | 3 |  3.4
Dodging        | |  1.7
Stealth        | |  1.4

Action                   |  1- 3 |  4- 6 || total
-------------------------+-------+-------++-------
Melee: Unarmed           |     5 |       ||     5
       Dagger            |    16 |     9 ||    25
       Flail             |       |     1 ||     1
 Cast: Freeze            |    51 |    33 ||    84
  Use: Potion            |       |     3 ||     3
       Scroll            |       |     1 ||     1
 Stab: Sleeping          |     1 |       ||     1
Armor: Robe              |    28 |    14 ||    42
Dodge: Dodged            |    33 |    22 ||    55

Table legend: (Time is in decaauts)
 A = Elapsed time spent in this place.
 B = Non-inter-level travel time spent in this place.
 C = Inter-level travel time spent in this place.
 D = Time resting spent in this place.
 E = Time spent auto-exploring this place.
 F = Levels seen in this place.
 G = Mean time per level.
                   A        B        C        D        E       F      G
               +--------+--------+--------+--------+--------+-----+--------+
         Total |   3851 |   3799 |     52 |   1737 |   1451 |   3 | 1283.7 |
       Dungeon |   3851 |   3799 |     52 |   1737 |   1451 |   3 | 1283.7 |
               +--------+--------+--------+--------+--------+-----+--------+

Top non-repeatable levels by time:
     D:1: 1620 daAuts
     D:2: 1302 daAuts
     D:3: 929 daAuts
